Map: 2000 Atmospheres LE

Players

A.I. 1 (Medium)

  • Race: Terran Terran

MCMXI - Winner!

  • Race: Protoss Protoss
  • League: Master

VOD

Have the link to the VOD?

Description

Time

  • Played on: Dec. 16, 2021, 5:49 a.m.
  • Length: 6:16
Show
View Real Time Build Order
Export as new Build Order

A.I. 1 (Medium) Terran 

Build Orders:  

Get SALT Encoding   

  12  0:00  SCV  
  13  0:13  SCV  
  14  0:18  Supply Depot  
  14  0:25  SCV  
  15  0:40  SCV  
  15  0:42  Barracks  
  16  0:52  SCV  
  18  1:04  SCV  
  18  1:14  Command Center  
  18  1:31  Orbital Command  
  18  1:32  Marine  
  19  1:37  Supply Depot  
  19  1:44  Refinery  
  19  1:49  Marine  
  20  1:57  SCV  
  20  1:58  Barracks  
  21  2:07  Refinery  
  21  2:10  SCV  
  22  2:17  Barracks Tech Lab  
  22  2:22  SCV  
  20  2:34  SCV  
  20  2:35  Marine  
  19  2:44  Marine  
  19  2:47  SCV  
  21  2:53  Marine  
  21  2:54  SCV  
  23  2:59  SCV  
  23  3:02  Marine  
  25  3:11  SCV  
  26  3:13  SCV  
  26  3:16  Refinery, Marauder  
  29  3:22  Barracks Tech Lab  
  29  3:24  SCV  
  30  3:27  SCV  
  30  3:31  Factory  
  30  3:36  Marine  
  30  3:38  SCV  
  30  3:40  Marine  
  33  3:50  Factory  
  33  3:54  Marine  
  34  3:58  Marine  
  34  3:59  SCV  
  33  4:03  SCV  
  30  4:13  Marauder  
  30  4:14  SCV, Factory Tech Lab  
  32  4:22  SCV  
  33  4:26  SCV  
  34  4:33  Reaper  
  34  4:34  SCV, Factory Tech Lab  
  36  4:38  SCV  
  37  4:46  SCV  
  37  4:50  Siege Tank  
  41  4:57  Supply Depot  
  41  4:58  SCV  
  42  5:00  SCV  
  43  5:09  Hellion  
  43  5:10  SCV  
  38  5:16  Marine  
  34  5:23  Marine  
  33  5:30  Hellion  
  30  5:37  Marine  
  21  5:45  Hellion  
Show
View Real Time Build Order
Export as new Build Order

MCMXI Protoss - Winner!

Build Orders: Oracle Opening 

Get SALT Encoding   

  12  0:01  Probe  
  13  0:13  Probe  
  14  0:20  Pylon  
  14  0:25  Probe  
  15  0:35  Pylon  
  15  0:38  Probe (Chrono Boost)  
  16  0:47  Probe (Chrono Boost)  
  17  0:52  Probe  
  17  0:54  Gateway  
  18  1:01  Assimilator  
  18  1:04  Probe  
  19  1:16  Probe  
  19  1:18  Gateway  
  20  1:27  Assimilator  
  20  1:29  Probe  
  21  1:42  Zealot (Chrono Boost), Cybernetics Core  
  23  1:48  Probe  
  24  2:00  Probe  
  25  2:14  Pylon  
  25  2:15  Warp Gate (Chrono Boost)  
  25  2:19  Adept x2  
  29  2:26  Stargate  
  29  2:32  Shield Battery  
  27  2:50  Gateway  
  27  2:57  Adept x2  
  31  3:06  Oracle (Chrono Boost)  
  34  3:30  Void Ray  
  38  3:48  Pylon  
  35  3:55  Pylon  
  35  4:04  Stalker x2  
  35  4:06  Stalker  
  33  4:17  Void Ray (Chrono Boost)  
  33  4:27  Zealot  
  33  4:28  Zealot  
  33  4:30  Zealot  
  43  4:56  Stalker  
  43  4:57  Stalker  
  43  4:58  Stalker  
  49  5:07  Pylon  
  47  5:21  Stalker x2  
  47  5:24  Stalker  
  51  5:46  Stalker x2  
  51  5:49  Stalker  
  57  6:09  Stalker  
  57  6:10  Stalker  
  61  6:12  Zealot  
Tags
 
Add a new tag
Caveats
  • Supply blocks, unpowered buildings, or Contaminate may cause inaccurate times.
  • Supply counts are checked every 10 seconds.